BSA
AUSTIN RIVER SHARKS @ POCATELLO BOCCABELLAS
03/27/2028
 
TOP OF THE 1ST
Austin River Sharks batting - Pitching for Pocatello Boccabellas : RHP Kevin Bush
Pitching: RHP Kevin Bush
Batting: LHB Enrico Vargas 0-0: Swinging Strike
0-1: Called Strike
0-2: Ground out U3 (Groundball, 3L)
Batting: RHB Richard Coker 0-0: Foul Ball, location: 2F
0-1: Foul Ball, location: 2F
0-2: Ball
1-2: Ball
2-2: Foul Ball, location: 2F
2-2: Ball
3-2: Ground out U3 (Groundball, 34S)
Batting: LHB Greg Nelson 0-0: Ball
1-0: Ball
2-0: Ball
3-0: Base on Balls
Batting: RHB Manny Copriviza 0-0: Swinging Strike
0-1: Called Strike
0-2: Strikes out looking
Top of the 1st over - 0 run(s), 0 hit(s), 0 error(s), 1 left on base; Austin 0 - Pocatello 0
BOTTOM OF THE 1ST
Pocatello Boccabellas batting - Pitching for Austin River Sharks : RHP Carlos Hernández
Pitching: RHP Carlos Hernández
Batting: RHB Orlando Bruno 0-0: Called Strike
0-1: Ball
1-1: Swinging Strike
1-2: Foul Ball, location: 2F
1-2: DOUBLE (Line Drive, 7)
Batting: RHB Francisco Sandoval 0-0: Ball
1-0: Called Strike
1-1: Ball
2-1: Foul Ball, location: 2F
2-2: Ball
3-2: Foul Ball, location: 2F
3-2: Strikes out swinging
Batting: RHB Marlon Phipps 0-0: Ball
1-0: Swinging Strike
1-1: Foul Ball, location: 2F
1-2: Ball
2-2: Ball
3-2: Foul Ball, location: 2F
3-2: Foul Ball, location: 2F
3-2: SINGLE (Flyball, 9LS)
Orlando Bruno to third
Runner from 3rd tries for Home, SAFE, no throw
Batting: RHB Jeremy Carr 0-0: Called Strike
0-1: Called Strike
0-2: Ball
1-2: Ball
2-2: Foul Ball, location: 2F
2-2: Foul Ball, location: 2F
2-2: Ball
3-2: Strikes out swinging
Batting: LHB Ray Bryant 0-0: Called Strike
0-1: Called Strike
0-2: Ball
1-2: Ball
2-2: Ball
3-2: Base on Balls
Marlon Phipps to second
Batting: RHB Ernesto Acosta 0-0: Called Strike
0-1: DOUBLE (Line Drive, 9LM)
Marlon Phipps scores
Ray Bryant to third
Runner from 3rd tries for Home, SAFE, no throw
Batting: SHB Nick Cox 0-0: Called Strike
0-1: Ball
1-1: Foul Ball, location: 2F
1-2: Strikes out swinging
Bottom of the 1st over - 3 run(s), 3 hit(s), 0 error(s), 1 left on base; Austin 0 - Pocatello 3
TOP OF THE 2ND
Austin River Sharks batting - Pitching for Pocatello Boccabellas : RHP Kevin Bush
Batting: RHB Carlos Guzmán 0-0: Swinging Strike
0-1: Ball
1-1: Called Strike
1-2: Strikes out swinging
Batting: RHB Todd Bryant 0-0: Called Strike
0-1: Reached on error, E3 (Groundball, 34)
Batting: LHB Russell Peck 0-0: Called Strike
0-1: Ball
1-1: Ball
2-1: SINGLE (Line Drive, 8LS)
Todd Bryant to second
Batting: RHB Eric Neal 0-0: Fielders Choice at 2nd, 6-4 (Groundball, 6)
Todd Bryant to third
Batting: RHB Teddy Bates 0-0: Ball
1-0: Ball
2-0: Fly out, F8 (Flyball, 8LM)
Top of the 2nd over - 0 run(s), 1 hit(s), 1 error(s), 2 left on base; Austin 0 - Pocatello 3
BOTTOM OF THE 2ND
Pocatello Boccabellas batting - Pitching for Austin River Sharks : RHP Carlos Hernández
Batting: RHB José Delgado 0-0: Ball
1-0: Swinging Strike
1-1: Fly out, F7 (Flyball, 78S)
Batting: LHB Héctor Rentería 0-0: Ball
1-0: Swinging Strike
1-1: Ball
2-1: Fly out, F9 (Line Drive, 9S)
Batting: RHB Orlando Bruno 0-0: Ball
1-0: Ball
2-0: Ball
3-0: Called Strike
3-1: Foul Ball, location: 2F
3-2: DOUBLE (Line Drive, 78D)
Batting: RHB Francisco Sandoval 0-0: Ball
1-0: Called Strike
1-1: Called Strike
1-2: Foul Ball, location: 2F
1-2: Foul Ball, location: 2F
1-2: Ball
2-2: Foul Ball, location: 2F
2-2: Ball
3-2: Foul Ball, location: 2F
3-2: SINGLE (Flyball, 8RS)
Orlando Bruno to third
Orlando Bruno scores
Batting: RHB Marlon Phipps 0-0: Foul Ball, location: 2F
0-1: Ball
1-1: Ball
2-1: Called Strike
2-2: Ball
3-2: Strikes out swinging
Bottom of the 2nd over - 1 run(s), 2 hit(s), 0 error(s), 1 left on base; Austin 0 - Pocatello 4
TOP OF THE 3RD
Austin River Sharks batting - Pitching for Pocatello Boccabellas : RHP Kevin Bush
Batting: LHB Enrico Vargas 0-0: Ball
1-0: Fly out, F8 (Flyball, 8RS)
Batting: RHB Richard Coker 0-0: Swinging Strike
0-1: Foul Ball, location: 2F
0-2: Ball
1-2: Ball
2-2: Foul Ball, location: 2F
2-2: Ground out 6-3 (Groundball, 6M)
Batting: LHB Greg Nelson 0-0: Called Strike
0-1: Ball
1-1: Ball
2-1: Called Strike
2-2: Ball
3-2: Strikes out swinging
Top of the 3rd over - 0 run(s), 0 hit(s), 0 error(s), 0 left on base; Austin 0 - Pocatello 4
BOTTOM OF THE 3RD
Pocatello Boccabellas batting - Pitching for Austin River Sharks : RHP Carlos Hernández
Batting: RHB Jeremy Carr 0-0: Ball
1-0: Ball
2-0: Ball
3-0: Called Strike
3-1: Ground out 5-3 (Groundball, 56S)
Batting: LHB Ray Bryant 0-0: Called Strike
0-1: Ball
1-1: Swinging Strike
1-2: Foul Ball, location: 2F
1-2: Ground out U3 (Groundball, 34)
Batting: RHB Ernesto Acosta 0-0: Swinging Strike
0-1: Swinging Strike
0-2: Fly out, F9 (Flyball, 9D)
Bottom of the 3rd over - 0 run(s), 0 hit(s), 0 error(s), 0 left on base; Austin 0 - Pocatello 4
TOP OF THE 4TH
Austin River Sharks batting - Pitching for Pocatello Boccabellas : RHP Kevin Bush
Batting: RHB Manny Copriviza 0-0: Called Strike
0-1: Fly out, F2 (Popup, 23)
Batting: RHB Carlos Guzmán 0-0: Ball
1-0: Called Strike
1-1: Ground out 1-3 (Groundball, 13)
Batting: RHB Todd Bryant 0-0: Called Strike
0-1: Foul Ball, location: 2F
0-2: Strikes out looking
Top of the 4th over - 0 run(s), 0 hit(s), 0 error(s), 0 left on base; Austin 0 - Pocatello 4
BOTTOM OF THE 4TH
Pocatello Boccabellas batting - Pitching for Austin River Sharks : RHP Carlos Hernández
Batting: SHB Nick Cox 0-0: Called Strike
0-1: Swinging Strike
0-2: SINGLE (Groundball, 6MD)
Batting: RHB José Delgado Pickoff Throw to First - Out!
0-0: Fly out, F9 (Flyball, 89S)
Batting: LHB Héctor Rentería 0-0: SINGLE (Groundball, 4MD)
Batting: RHB Orlando Bruno 0-0: Ball
1-0: Ball
2-0: SINGLE (Line Drive, 89S)
Héctor Rentería to second
Batting: RHB Francisco Sandoval 0-0: Fielders Choice at 2nd, 4-6 (Groundball, 4)
Bottom of the 4th over - 0 run(s), 3 hit(s), 0 error(s), 1 left on base; Austin 0 - Pocatello 4
TOP OF THE 5TH
Austin River Sharks batting - Pitching for Pocatello Boccabellas : RHP Kevin Bush
Pitching: RHP Ben Cobb
Batting: LHB Russell Peck 0-0: Called Strike
0-1: Ball
1-1: Foul Ball, location: 2F
1-2: Ball
2-2: Ball
3-2: Foul Ball, location: 2F
3-2: Foul Ball, location: 2F
3-2: Fly out, F9 (Line Drive, 9)
Batting: RHB Eric Neal 0-0: Foul Ball, location: 2F
0-1: Swinging Strike
0-2: Foul Ball, location: 2F
0-2: Ground out 4-3 (Groundball, 6MS)
Batting: RHB Teddy Bates 0-0: Ball
1-0: Fly out, F9 (Line Drive, 9)
Top of the 5th over - 0 run(s), 0 hit(s), 0 error(s), 0 left on base; Austin 0 - Pocatello 4
BOTTOM OF THE 5TH
Pocatello Boccabellas batting - Pitching for Austin River Sharks : RHP Carlos Hernández
Pitching: RHP Tatsuzo Harada
Batting: RHB Marlon Phipps 0-0: Foul Ball, location: 2F
0-1: Called Strike
0-2: Ball
1-2: Foul Ball, location: 2F
1-2: Strikes out looking
Batting: RHB Jeremy Carr 0-0: Called Strike
0-1: Foul Ball, location: 2F
0-2: Foul Ball, location: 2F
0-2: Strikes out swinging
Batting: LHB Ray Bryant 0-0: Called Strike
0-1: Swinging Strike
0-2: Ball
1-2: Foul Ball, location: 2F
1-2: Ball
2-2: Strikes out looking
Bottom of the 5th over - 0 run(s), 0 hit(s), 0 error(s), 0 left on base; Austin 0 - Pocatello 4
TOP OF THE 6TH
Austin River Sharks batting - Pitching for Pocatello Boccabellas : RHP Ben Cobb
Batting: LHB Enrico Vargas 0-0: Ball
1-0: Ball
2-0: SINGLE (Groundball, 56D)
Batting: RHB Richard Coker 0-0: Ball
1-0: Ball
2-0: Called Strike
2-1: Swinging Strike
2-2: Ball
3-2: Fly out, F6 (Line Drive, 6)
Batting: LHB Greg Nelson 0-0: Called Strike
0-1: Ball
1-1: Called Strike
1-2: Strikes out swinging
Batting: RHB Manny Copriviza 0-0: Called Strike
0-1: Called Strike
0-2: Foul Ball, location: 2F
0-2: Ball
1-2: Foul Ball, location: 2F
1-2: Foul Ball, location: 2F
1-2: Ball
2-2: Fielders Choice at 2nd, 4-6 (Groundball, 4)
Top of the 6th over - 0 run(s), 1 hit(s), 0 error(s), 0 left on base; Austin 0 - Pocatello 4
BOTTOM OF THE 6TH
Pocatello Boccabellas batting - Pitching for Austin River Sharks : RHP Tatsuzo Harada
Batting: RHB Ernesto Acosta 0-0: Called Strike
0-1: Swinging Strike
0-2: Foul Ball, location: 2F
0-2: Ball
1-2: Foul Ball, location: 2F
1-2: Strikes out swinging
Batting: SHB Nick Cox 0-0: Ball
1-0: Called Strike
1-1: Ball
2-1: Ball
3-1: Base on Balls
Batting: RHB José Delgado 0-0: Called Strike
0-1: Fly out, F9 (Flyball, 9S)
Batting: LHB Héctor Rentería 0-0: Called Strike
0-1: Foul Ball, location: 2F
0-2: Ball
1-2: Fly out, F7 (Flyball, 7D)
Bottom of the 6th over - 0 run(s), 0 hit(s), 0 error(s), 1 left on base; Austin 0 - Pocatello 4
TOP OF THE 7TH
Austin River Sharks batting - Pitching for Pocatello Boccabellas : RHP Ben Cobb
Batting: RHB Carlos Guzmán 0-0: Ground out 4-3 (Groundball, 4)
Batting: RHB Todd Bryant 0-0: Ground out 4-3 (Groundball, 4)
Batting: LHB Russell Peck 0-0: Ball
1-0: SINGLE (Line Drive, 3D)
Batting: RHB Eric Neal 0-0: Ball
1-0: Called Strike
1-1: Ball
2-1: Fly out, F9 (Flyball, 9LS)
Top of the 7th over - 0 run(s), 1 hit(s), 0 error(s), 1 left on base; Austin 0 - Pocatello 4
BOTTOM OF THE 7TH
Pocatello Boccabellas batting - Pitching for Austin River Sharks : RHP Tatsuzo Harada
Pinch Hitting: RHB John Craig 0-0: Fly out, F1 (Line Drive, 13)
Pinch Hitting: RHB Enrico Rodríguez 0-0: Ground out 1-3 (Groundball, 15)
Batting: SHB Glenn Vadnais 0-0: Called Strike
0-1: Foul Ball, location: 2F
0-2: Ball
1-2: Ball
2-2: Ball
3-2: Base on Balls
Batting: RHB Jeremy Carr 0-0: Ball
1-0: Called Strike
1-1: Ball
2-1: Swinging Strike
2-2: Fielders Choice at 2nd, 6-4 (Groundball, 6)
Bottom of the 7th over - 0 run(s), 0 hit(s), 0 error(s), 0 left on base; Austin 0 - Pocatello 4
TOP OF THE 8TH
Austin River Sharks batting - Pitching for Pocatello Boccabellas : RHP Ben Cobb
Pitching: RHP Jaime Espinoza
Now at 2B: John Craig
Now at 3B: Enrico Rodríguez
Batting: RHB Teddy Bates 0-0: Ball
1-0: Foul Ball, location: 2F
1-1: Swinging Strike
1-2: Ball
2-2: Foul Ball, location: 2F
2-2: Foul Ball, location: 2F
2-2: Fly out, F7 (Flyball, 78M)
Pinch Hitting: RHB Dexter Potter 0-0: Ball
1-0: SINGLE (Groundball, 6MD)
Pinch Hitting: LHB Harry Pitts 0-0: Ball
1-0: Ball
2-0: Called Strike
2-1: Ball
3-1: Swinging Strike
3-2: Strikes out swinging
Batting: LHB Greg Nelson 0-0: Ball
1-0: Foul Ball, location: 2F
1-1: Ball
2-1: Swinging Strike
2-2: Strikes out swinging
Top of the 8th over - 0 run(s), 1 hit(s), 0 error(s), 1 left on base; Austin 0 - Pocatello 4
BOTTOM OF THE 8TH
Pocatello Boccabellas batting - Pitching for Austin River Sharks : RHP Tatsuzo Harada
Now at 3B: Ryan Cates
Now in CF: Harry Pitts
Batting: LHB Ray Bryant 0-0: Called Strike
0-1: Called Strike
0-2: Ball
1-2: Ball
2-2: Foul Ball, location: 2F
2-2: Fly out, F8 (Flyball, 8LS)
Pitching: LHP António Bueno
Batting: RHB Ernesto Acosta 0-0: Ball
1-0: Called Strike
1-1: Ball
2-1: Ball
3-1: Base on Balls
Batting: SHB Nick Cox 0-0: Called Strike
0-1: Ball
1-1: Foul Ball, location: 2F
1-2: Foul Ball, location: 2F
1-2: Foul Ball, location: 2F
1-2: Ball
2-2: Foul Ball, location: 2F
2-2: Ball
3-2: Foul Ball, location: 2F
3-2: Strikes out swinging
Batting: RHB José Delgado 0-0: DOUBLE (Flyball, 7D)
Ernesto Acosta to third
Runner from 3rd tries for Home, SAFE, no throw
Batting: LHB Héctor Rentería 0-0: Ball
1-0: Foul Ball, location: 2F
1-1: Ball
2-1: Swinging Strike
2-2: Foul Ball, location: 2F
2-2: Strikes out swinging
Bottom of the 8th over - 1 run(s), 1 hit(s), 0 error(s), 1 left on base; Austin 0 - Pocatello 5
TOP OF THE 9TH
Austin River Sharks batting - Pitching for Pocatello Boccabellas : RHP Jaime Espinoza
Batting: RHB Manny Copriviza 0-0: Swinging Strike
0-1: Ball
1-1: Fly out, F8 (Line Drive, 8LD)
Batting: RHB Carlos Guzmán 0-0: Ball
1-0: Called Strike
1-1: Called Strike
1-2: Ground out 5-3 (Groundball, 5L)
Batting: RHB Todd Bryant 0-0: Called Strike
0-1: Fly out, F9 (Flyball, 89D)
Top of the 9th over - 0 run(s), 0 hit(s), 0 error(s), 0 left on base; Austin 0 - Pocatello 5
Tuesday, August 8th, 2017 - OOTP Baseball 17.12 Build 75